 Dungeon Crawl Stone Soup version 0.28-a0-732-g75e6d9beac (webtiles) character file.

Game seed: 14320525171132282986

89 Lekart the Gusty (level 4, -1/33 HPs)
             Began as a Draconian Air Elementalist on Oct 28, 2021.
             Was an Initiate of Sif Muna.
             Slain by an ogre (16 damage)
             ... on level 5 of the Dungeon on Oct 29, 2021.
             The game lasted 00:11:16 (4331 turns).

Lekart the Gusty (Draconian Air Elementalist)       Turns: 4331, Time: 00:11:17

Health: -1/33      AC:  5    Str:  9 (11) XL:     4   Next: 31%
Magic:  1/8        EV: 15    Int: 14 (16) God:    Sif Muna [......]
Gold:   75         SH:  4    Dex: 10 (11) Spells: 8/9 levels left

rFire   . . .      SeeInvis .   (no weapon)
rCold   + . .      Faith    .   o - +1 buckler
rNeg    . . .      Spirit   .   (armour unavailable)
rPois   .          Reflect  .   (helmet restricted)
rElec   .          Harm     .   (no cloak)
rCorr   .          Rampage  .   (no gloves)
Will    .....                   (no boots)
Stlth   ++........              (no amulet)
HPRegen 0.11/turn               c - ring of protection from cold
MPRegen 0.11/turn               b - +4 ring of evasion

@: about to teleport
A: AC +5, unfitting armour, cold-blooded, no potion heal 1, subdued magic 1
a: Renounce Religion


You were on level 5 of the Dungeon.
You worshipped Sif Muna.
Sif Muna was noncommittal.
You visited 2 branches of the dungeon, and saw 6 of its levels.

You collected 75 gold pieces.

Inventory:

Armour
 o - a +1 buckler (worn)
Jewellery
 a - a ring of magical power
 b - a +4 ring of evasion (right hand)
 c - a ring of protection from cold (left hand)
 f - a ring of ice
Potions
 e - a potion of ambrosia {unknown}
 l - a potion of berserk rage


   Skills:
 + Level 2.1 Dodging
 + Level 1.9 Stealth
 + Level 0.2 Unarmed Combat
 * Level 3.0 Spellcasting
 + Level 2.0 Conjurations
 + Level 3.7 Air Magic


You had 8 spell levels left.
You knew the following spells:

 Your Spells              Type           Power      Damage    Failure   Level
a - Shock                 Conj/Air       28%        1d4       9%          1

Your spell library contained the following spells:

 Spells                   Type           Power      Damage    Failure   Level
 Static Discharge         Conj/Air       7%         N/A       14%         2
 Swiftness                Air            9%         N/A       21%         3
 Airstrike                Air            4%         N/A       56%         4


Dungeon Overview and Level Annotations

Branches:
Dungeon (6/15)             Temple (1/1) D:6

Altars:
Cheibriados
Gozag
Hepliaklqana
Makhleb
Okawaru
Ru
Sif Muna
Trog
Uskayaw
Vehumet
Xom
Zin
The Shining One

Annotations:
D:2 exclusion: downstairs
D:3 Terence
D:6 3 runed translucent doors, Pikel; technautist's ghost, novice MiFi


Innate Abilities, Weirdness & Mutations

Your plain brown scales are hard. (AC +5)
You cannot fit into any form of body armour.
You are cold-blooded and may be slowed by cold attacks.
Potions are less effective at restoring your health.
Your spells are a little easier to cast, but a little less powerful.


Message History

Unknown command.
You barely miss the lemure.
Your tail-slap misses the lemure.
The lemure is heavily wounded.
The lemure completely misses you.
Casting: Shock (safe; 9% risk of failure)
Confirm with . or Enter, or press ? or * to list all spells.
Aiming: Shock (safe; 9% risk of failure)
Press: ? - help, Shift-Dir - straight line, f/p - lemure
Aim: a lemure (heavily wounded, 60% to hit)
The zap misses the lemure.
The lemure hits you.
Found a spear.
Found a chain mail and a scroll of identify.
Casting: Shock (safe; 9% risk of failure)
Confirm with . or Enter, or press ? or * to list all spells.
Aiming: Shock (safe; 9% risk of failure)
Press: ? - help, Shift-Dir - straight line, f/p - lemure
Aim: a lemure (heavily wounded, 60% to hit)
The zap hits the lemure but does no damage.
The lemure is heavily wounded.
The lemure misses you.
You see here a +0 spear.
You see here a scroll of identify.
Casting: Shock (safe; 9% risk of failure)
Confirm with . or Enter, or press ? or * to list all spells.
Aiming: Shock (safe; 9% risk of failure)
Press: ? - help, Shift-Dir - straight line, f/p - lemure
Aim: a lemure (moderately wounded, 60% to hit)
The zap hits the lemure.
The lemure is heavily wounded.
The lemure barely misses you.
An ogre comes into view. It is wielding a +0 giant spiked club.
As you read the scroll of teleportation, it crumbles to dust.
You feel strangely unstable.
The ogre shouts!
The lemure hits you.
You closely miss the lemure. You tail-slap the lemure.
The lemure is heavily wounded.
You block the lemure's attack.
The ogre hits you with a +0 giant spiked club!
You die...

..################
.[...............# .
#.####.)########.# .
........# ..#.#
....#####?# #O#.# ..
#.# #@#.#
#$#+#####.######5#.#
#......##........#.#
#......###########.####
#..>..................#
#?(....###########.#.##
#......# ..#.# #......#
.### # #......# ..


You could see an ogre and a lemure.

Vanquished Creatures
  2 adders (D:2)
  A worm (D:2)
  3 dart slugs
  5 endoplasms
  5 giant cockroaches
  2 goblins
  4 hobgoblins
  2 jackals (D:2)
  4 kobolds
  5 quokkas
  9 ball pythons
  9 bats
  A frilled lizard (D:1)
  6 rats
58 creatures vanquished.

Vanquished Creatures (others)
  An endoplasm (D:2)
1 creature vanquished.

Grand Total: 59 creatures vanquished

Notes
Turn   | Place    | Note
-------+----------+-------------------------------------------
     0 | D:1      | Lekart the Draconian Air Elementalist began the quest for
                  | the Orb.
     0 | D:1      | Reached XP level 1. HP: 14/14 MP: 3/3
   290 | D:1      | Reached XP level 2. HP: 13/20 MP: 0/5
  1104 | D:1      | Reached XP level 3. HP: 26/26 MP: 4/6
  1911 | D:2      | Upgraded the game from 0.28-a0-728-g0181a31188 to
                  | 0.28-a0-732-g75e6d9beac
  2223 | D:2      | Reached XP level 4. HP: 33/33 MP: 5/8
  3154 | D:3      | Noticed Terence
  3295 | D:3      | You fall into a shaft and drop 3 floors!
  3295 | D:6      | Noticed a phantom
  3312 | D:6      | Gained mutation: Your spells are a little easier to cast,
                  | but a little less powerful. [potion of mutation]
  3312 | D:6      | Gained mutation: Potions are less effective at restoring
                  | your health. [potion of mutation]
  3421 | D:6      | Noticed a black bear
  3437 | D:6      | Noticed an ogre
  3453 | D:6      | Found a runed translucent gate.
  3453 | D:6      | Found a runed translucent gate.
  3455 | D:6      | Found a runed translucent gate.
  3457 | D:6      | Noticed technautist's ghost (novice MiFi)
  3478 | D:6      | Noticed a two-headed ogre
  3492 | D:6      | Noticed a lemure
  3492 | D:6      | Noticed a lemure
  3496 | D:6      | Noticed Pikel
  3498 | D:6      | Noticed a lemure
  3499 | D:6      | Noticed a lemure
  3885 | D:6      | Found a staircase to the Ecumenical Temple.
  3896 | Temple   | Entered the Ecumenical Temple
  4187 | Temple   | Became a worshipper of Sif Muna the Loreminder
  4269 | D:5      | Entered Level 5 of the Dungeon
  4328 | D:5      | Noticed an ogre
  4331 | D:5      | Slain by an ogre

Illustrated notes

Levels and vault maps discovered:
D:1:      amcnicky_arrival_feature_with_door, layout_basic, moated_statue
D:2:      layout_basic, minmay_tall_x
D:3:      layout_loops_ring, hellmonk_ecumenical_altar_heavens_door,
          dk_noncrumbling_4, saegor_snake_ambush, uniq_grinder, uniq_ijyb,
          uniq_terence
D:5:      layout_basic, yredelemnul_forgotten_temple_becter, nrook_loot_triangle
D:6:      layout_loops_cross, temple_green, gammafunk_ghost_split, uniq_pikel
Temple:   oiseaux_autumnal_temple

Skill      XL: |  1  2  3  4 |
---------------+-------------+-----
Dodging        | 2 |  2.1
Spellcasting   | 3 |  3.0
Conjurations   | 2 |  2.0
Stealth        | |  1.9
Unarmed Combat | |  0.2
Air Magic      | |  3.7

Action                   |  1- 3 |  4- 6 || total
-------------------------+-------+-------++-------
Melee: Unarmed           |    38 |    12 ||    50
       Tailslap          |     6 |     1 ||     7
 Cast: Shock             |    96 |    60 ||   156
  Use: Scroll            |       |    10 ||    10
       Potion            |       |     5 ||     5
Armor: Skin              |    20 |    11 ||    31
Dodge: Dodged            |    37 |    30 ||    67
Block: Buckler           |       |     7 ||     7

Table legend: (Time is in decaauts)
 A = Elapsed time spent in this place.
 B = Non-inter-level travel time spent in this place.
 C = Inter-level travel time spent in this place.
 D = Time resting spent in this place.
 E = Time spent auto-exploring this place.
 F = Levels seen in this place.
 G = Mean time per level.
                   A        B        C        D        E       F      G
               +--------+--------+--------+--------+--------+-----+--------+
         Total |   4355 |   4167 |    188 |    736 |   2746 |   6 |  725.8 |
       Dungeon |   4036 |   3884 |    152 |    736 |   2477 |   5 |  807.2 |
        Temple |    319 |    283 |     36 |      0 |    269 |   1 |  319.0 |
               +--------+--------+--------+--------+--------+-----+--------+

Top non-repeatable levels by time:
     D:2: 1768 daAuts
     D:1: 1444 daAuts
     D:6: 677 daAuts
  Temple: 319 daAuts
     D:3: 84 daAuts
     D:5: 61 daAuts
